 Dungeon Crawl Stone Soup version 0.28-a0-172-g787e458d71 (webtiles) character file.

Game seed: 10753034853021663408

3550 hatdisgam the Grappler (level 9, -4/83 HPs)
             Began as a Troll Hunter on Aug 17, 2021.
             Was a Follower of Dithmenos.
             Killed from afar by a steam dragon (23 damage)
             ... with a ball of steam
             ... on level 6 of the Dungeon.
             The game lasted 00:11:27 (5792 turns).

hatdisgam the Grappler (Troll Hunter)               Turns: 5792, Time: 00:11:27

Health: -4/83      AC:  4    Str: 25    XL:     9   Next: 83%
Magic:  8/8        EV: 11    Int:  7    God:    Dithmenos [*.....]
Gold:   60         SH:  0    Dex: 10    Spells: 8/8 levels left

rFire   . . .      SeeInvis .     - Unarmed
rCold   . . .      Faith    .   (no shield)
rNeg    . . .      Spirit   .   b - +0 robe
rPois   +          Reflect  .   (helmet restricted)
rElec   .          Harm     .   (no cloak)
rCorr   .          Rampage  .   (gloves unavailable)
Will    .....                   (boots unavailable)
Stlth   +.........              (no amulet)
HPRegen 1.23/turn               f - ring of poison resistance
MPRegen 0.11/turn               (no ring)

@: wreathed by umbra
A: large, unfitting armour, claws 3, regeneration 1, shaggy fur 1, tough skin 1
a: Renounce Religion


You were on level 6 of the Dungeon.
You worshipped Dithmenos.
Dithmenos was aware of your devotion.
You visited 1 branch of the dungeon, and saw 6 of its levels.
You also visited: Ossuary.

You collected 366 gold pieces.
You spent 306 gold pieces at shops.

Inventory:

Missiles
 a - 4 poisoned darts
 c - 5 large rocks
 d - 4 throwing nets
 j - 90 stones
 t - a curare-tipped dart (quivered)
 y - 10 boomerangs
Armour
 b - a +0 robe (worn)
Jewellery
 f - a ring of poison resistance (left claw)
Wands
 k - a wand of acid (6)
 B - a wand of flame (21)
Scrolls
 e - 3 scrolls of immolation
 i - 2 scrolls of vulnerability {unknown}
 l - a scroll of fear {unknown}
 m - a scroll of magic mapping {unknown}
 o - 2 scrolls of acquirement {unknown}
 q - 4 scrolls of teleportation
 v - 2 scrolls of blinking {unknown}
 w - 2 scrolls of brand weapon {unknown}
 z - a scroll of noise {unknown}
 C - a scroll of enchant armour {unknown}
Potions
 g - a potion of flight
 h - a potion of cancellation
 n - 2 potions of curing
 p - a potion of might {unknown}
 r - 3 potions of haste
 s - a potion of lignification {unknown}
 u - 3 potions of ambrosia
 x - a potion of resistance {unknown}
 A - 2 potions of berserk rage
 D - 2 potions of heal wounds
 E - a potion of brilliance {unknown}


   Skills:
 - Level 3.6 Fighting
 + Level 7.4 Throwing
 + Level 5.0 Dodging
 - Level 0.3 Stealth
 * Level 10.0 Unarmed Combat


You had 8 spell levels left.
You didn't know any spells.
Your spell library contained the following spells:

 Spells                   Type           Power      Damage    Failure   Level
 Animate Skeleton         Necr           0%         N/A       43%         1
 Apportation              Tloc           0%         N/A       43%         1
 Corona                   Hex            0%         N/A       43%         1
 Summon Small Mammal      Summ           0%         N/A       43%         1
 Slow                     Hex            0%         N/A       56%         2
 Confusing Touch          Hex            0%         N/A       80%         3
 Stone Arrow              Conj/Erth      0%         3d7       80%         3
 Vampiric Draining        Necr           0%         2d6       80%         3
 Animate Dead             Necr           0%         N/A       99%         4
 Bolt of Magma            Conj/Fire/Erth 0%         4d4       100%        5
 Yara's Violent Unravell  Hex/Tmut       0%         3d3       100%        5
 Haunt                    Necr/Summ      0%         N/A       100%        7
 Infestation              Necr           0%         N/A       100%        8
 Shatter                  Erth           0%         3d5*      100%        9


Dungeon Overview and Level Annotations

Branches:
Dungeon (6/15)             Temple (0/1) D:5         Ossuary (visited)

Altars:
Dithmenos
Elyvilon
Hepliaklqana
Qazlal
Xom
Zin
The Shining One

Shops:
D:3 [?[   D:6 ![*


Innate Abilities, Weirdness & Mutations

You are too large for most types of armour.
You have claws for hands.
Your natural rate of healing is unusually fast.
You are covered in fur. (AC +1)
You have tough skin. (AC +1)


Message History

Dithmenos accepts your kill.
E - an emerald potion
Things that are here:
a +0 falchion; a +0 leather armour; the human corpse of Eustachio A steam dragon comes into view.
The steam dragon hisses angrily.
The steam dragon breathes steam at you. The ball of steam hits you!
The steam dragon moves out of view.
You hear an angry hiss.
You are engulfed in a cloud of scalding steam.
A steam dragon comes into view.
You are engulfed in a cloud of scalding steam.
The steam dragon breathes steam at you. The ball of steam hits you!
The steam dragon hisses angrily.
You scratch the steam dragon. You claw the steam dragon.
The steam dragon is moderately wounded.
The steam dragon breathes steam at you.
The ball of steam hits the steam dragon!
The steam dragon resists.
The ball of steam hits you!
You completely miss the steam dragon. You claw the steam dragon!
The steam dragon is almost dead.
You are engulfed in a cloud of scalding steam.
The steam dragon bites you! The steam dragon claws you.
You closely miss the steam dragon.
The steam dragon is almost dead.
You are engulfed in a cloud of scalding steam.
The steam dragon barely misses you. x2
You mangle the steam dragon!!
You kill the steam dragon!
Dithmenos accepts your kill.
The steam dragon scales are intact enough to wear.
Your Dodging skill increases to level 5!
Your Unarmed Combat skill increases to level 10!
Unknown command.
You are engulfed in a cloud of scalding steam.
* * * LOW HITPOINT WARNING * * *
The steam dragon breathes steam at you. The ball of steam hits you!!
You die...

.<.#..####........# ...#
...##.#..##...#####≈≈≈ .....#
...##.#.......# ≈≈.. ..⌠.≈#
...)..#._.....# ...# #...≈≈#
...####.......# ⌠..# ##
...####..#....# ...#
....#.#####..### ..#
............)..##D## ###########
..........#.....@..# #....##....
..................## #....##....
#..............########....##....
#...##...........................
#...##...........................
#...##...........................
#...##.......#...................
#### #...#.........#.#.....##....
...# #...##..###........#####....


You could see a steam dragon (catching breath).

Vanquished Creatures
  Pikel (D:6)
  Eustachio (D:6)
  5 yaks (D:6)
  A steam dragon (D:6)
  Duvessa (D:6)
  An ice beast (D:6)
  A black bear (D:5)
  4 ogres
  A phantom (D:6)
  A lemure (D:6)
  2 kobold brigands (D:4)
  A gnoll sergeant (D:6)
  2 scorpions
  A wyvern zombie (D:5)
  A water moccasin skeleton (D:6)
  A water moccasin zombie (D:5)
  Dowan (D:6)
  A wight (D:6)
  A jelly (D:6)
  A bullfrog zombie (D:6)
  An orc priest (D:4)
  A bullfrog skeleton (D:5)
  5 centaur zombies
  2 human zombies (Ossuary)
  4 hounds
  Terence (D:3)
  3 iguanas
  An orc wizard (D:4)
  A hound skeleton (D:4)
  2 mummies (Ossuary)
  4 gnolls (D:6)
  A howler monkey skeleton (D:6)
  9 adders
  A shadow imp (D:5)
  2 adder skeletons (D:4)
  3 dart slugs
  2 worms
  7 orcs
  3 ball pythons
  7 endoplasms
  5 giant cockroaches
  6 goblins
  8 hobgoblins
  5 jackals
  5 kobolds
  8 quokkas
  5 bats
  2 frilled lizards
  A goblin zombie (Ossuary)
  10 hobgoblin zombies (Ossuary)
  A jackal zombie (Ossuary)
  12 kobold zombies (Ossuary)
  8 orc zombies (Ossuary)
  5 rats
170 creatures vanquished.

Vanquished Creatures (others)
  A quokka (D:4)
1 creature vanquished.

Grand Total: 171 creatures vanquished

Notes
Turn   | Place    | Note
-------+----------+-------------------------------------------
     0 | D:1      | hatdisgam the Troll Hunter began the quest for the Orb.
     0 | D:1      | Reached XP level 1. HP: 19/19 MP: 0/0
   117 | D:1      | Reached skill level 1 in Unarmed Combat
   118 | D:1      | Reached XP level 2. HP: 28/28 MP: 1/1
   249 | D:1      | Found a faded altar of an unknown god.
   734 | D:2      | Reached skill level 2 in Unarmed Combat
   734 | D:2      | Reached XP level 3. HP: 27/35 MP: 2/2
  1095 | D:2      | Found a shimmering altar of Xom.
  1404 | D:2      | Reached XP level 4. HP: 40/42 MP: 3/3
  1672 | D:3      | Found Decoth's Magic Scroll Shoppe.
  1680 | D:3      | Bought a scroll of teleportation for 33 gold pieces
  1680 | D:3      | Bought a scroll of teleportation for 33 gold pieces
  1721 | D:3      | Found Wuehenoa's Armour Boutique.
  1823 | D:3      | Found a glowing golden altar of the Shining One.
  1836 | D:3      | Found Eduasag's Armour Shop.
  2000 | D:3      | Noticed Terence
  2011 | D:3      | Killed Terence
  2012 | D:3      | Reached skill level 3 in Unarmed Combat
  2295 | D:4      | Reached XP level 5. HP: 49/50 MP: 4/4
  2533 | D:4      | Found a shadowy altar of Dithmenos.
  2576 | D:4      | Found a glowing silver altar of Zin.
  2608 | D:4      | Found a sand-covered staircase.
  2613 | Ossuary  | Entered an ossuary
  2776 | Ossuary  | Reached skill level 4 in Unarmed Combat
  2782 | Ossuary  | Reached XP level 6. HP: 55/59 MP: 5/5
  3098 | D:4      | Reached skill level 5 in Unarmed Combat
  3253 | D:4      | Reached skill level 5 in Throwing
  3253 | D:4      | Reached XP level 7. HP: 37/67 MP: 6/6
  3585 | D:4      | Became a worshipper of Dithmenos the Shadowed
  3875 | D:4      | Found a white marble altar of Elyvilon.
  3974 | D:4      | Reached skill level 6 in Unarmed Combat
  4108 | D:5      | Entered Level 5 of the Dungeon
  4146 | D:5      | Reached XP level 8. HP: 62/76 MP: 7/7
  4187 | D:5      | Found a staircase to the Ecumenical Temple.
  4228 | D:5      | Found a hazy altar of Hepliaklqana.
  4430 | D:5      | Reached skill level 7 in Unarmed Combat
  4777 | D:6      | HP: 3/76 [gnoll sergeant (1)]
  5001 | D:6      | Found Gusotoa's General Store.
  5182 | D:6      | Noticed Eustachio
  5184 | D:6      | Noticed Duvessa
  5184 | D:6      | Noticed Dowan
  5249 | D:6      | Reached * piety under Dithmenos
  5369 | D:6      | Killed Dowan
  5402 | D:6      | Killed Duvessa
  5403 | D:6      | Reached skill level 8 in Unarmed Combat
  5420 | D:6      | Reached XP level 9. HP: 55/83 MP: 8/8
  5542 | D:6      | Reached skill level 9 in Unarmed Combat
  5587 | D:6      | Found Ifoxif's Armour Shop.
  5622 | D:6      | Found Jacru's Distillery.
  5635 | D:6      | Bought a potion of haste for 120 gold pieces
  5635 | D:6      | Bought 2 potions of heal wounds for 120 gold pieces
  5693 | D:6      | Noticed Pikel
  5711 | D:6      | Killed Pikel
  5754 | D:6      | Found a stormy altar of Qazlal.
  5761 | D:6      | Killed Eustachio
  5791 | D:6      | Reached skill level 5 in Dodging
  5791 | D:6      | Reached skill level 10 in Unarmed Combat
  5792 | D:6      | Killed from afar by a steam dragon

Illustrated notes

Levels and vault maps discovered:
D:1:      dpeg_arrival_shelter, layout_loops_ring,
          hellmonk_ecumenical_altar_blasted
D:2:      minmay_alternating_diamond, layout_basic, basic_altar
D:3:      layout_loops_ring, mainiacjoe_overflow_boulevard, serial_shops,
          shop_fountains, nicolae_square_shop, nicolae_diamond_shop,
          uniq_terence
D:4:      minmay_clustersquares, layout_basic, elyvilon_altar_4,
          mainiacjoe_overflow_concentric_impassable, general_overflow_altar,
          nicolae_ossuary_entry_ruins
D:5:      layout_rooms, mainiacjoe_overflow_surrounded_room,
          minmay_temple_entry_waves
D:6:      cheibrodos_steamvent, layout_basic, mainiacjoe_overflow_alcove_1,
          serial_shops, shop, shop, nicolae_diamond_shop, minmay_starry_boxes,
          uniq_duvessa, uniq_eustachio, uniq_pikel

Skill      XL: |  1  2  3  4  5  6  7  8  9 |
---------------+----------------------------+-----
Unarmed Combat | 1 2 3 4 5 6 8 10 | 10.0
Fighting       | 2 3 |  3.6
Throwing       | 4 5 6 7 |  7.4
Dodging        | 2 3 5 |  5.0
Stealth        | |  0.3

Action                   |  1- 3 |  4- 6 |  7- 9 || total
-------------------------+-------+-------+-------++-------
Melee: Unarmed           |   116 |   229 |   263 ||   608
       Punch             |     1 |     3 |    11 ||    15
Throw: Dart              |       |       |     1 ||     1
Evoke: Wand              |       |       |     2 ||     2
  Use: Scroll            |       |       |     6 ||     6
       Potion            |       |       |     2 ||     2
 Stab: Sleeping          |     1 |     1 |       ||     2
Armor: Robe              |    42 |    93 |    59 ||   194
Dodge: Dodged            |    48 |   110 |   115 ||   273

Table legend: (Time is in decaauts)
 A = Elapsed time spent in this place.
 B = Non-inter-level travel time spent in this place.
 C = Inter-level travel time spent in this place.
 D = Time resting spent in this place.
 E = Time spent auto-exploring this place.
 F = Levels seen in this place.
 G = Mean time per level.
                   A        B        C        D        E       F      G
               +--------+--------+--------+--------+--------+-----+--------+
         Total |   5745 |   5588 |    157 |    400 |   3782 |   7 |  820.7 |
       Dungeon |   5338 |   5181 |    157 |    374 |   3635 |   6 |  889.7 |
       Ossuary |    406 |    406 |      0 |     26 |    147 |   1 |  406.0 |
               +--------+--------+--------+--------+--------+-----+--------+

Top non-repeatable levels by time:
     D:4: 1403 daAuts
     D:2: 940 daAuts
     D:6: 903 daAuts
     D:5: 763 daAuts
     D:3: 671 daAuts
     D:1: 656 daAuts
 Ossuary: 406 daAuts
